AoeStats
← |GaoeG| flamingo

Arena

508948213Analyzed
2v2 RM · 8d ago on Sep 24, 2026· 62m 41s· 4 players
Game mode
Random Map
Map size
Medium (4 player)
Population
200
Speed
Normal
Resources
Standard
Victory
Conquest
Starting age
Dark Age
Ending age
Imperial Age
RankedLock teamsTeams togetherTeam positionsShared explorationLock speedFull tech treeHidden civsTurbo modeCheats
Victory
Defeat
🇪🇸 Spanish · Spain
1267
+5
🇪🇸 Turks · Spain
728
+23
🇨🇴 Bohemians · Colombia
982
-16
🇨🇴 Gurjaras · Colombia
887
-12
DAPP
10:33 Feudal Age
14:23 Castle Age
13:12 Double-Bit Axe
13:12 Horse Collar
15:01 Wheelbarrow
16:32 Bow Saw
19:38 Loom
20:07 Padded Archer Armor
23:05 Chemistry
23:32 Leather Archer Armor
30:38 Heavy Plow
30:50 Pikeman
31:30 Squires
31:15 Arson
31:50 Fletching
32:21 Wagenburg Tactics
38:57 Imperial Age
36:54 Scale Mail Armor
37:05 Forging
37:11 Elite Skirmisher
40:35 Conscription
41:27 Halberdier
44:44 Two-Man Saw
44:48 Ballistics
45:01 Ring Archer Armor
45:30 Houfnice
48:48 Chain Mail Armor
49:08 Iron Casting
54:20 Plate Mail Armor
54:51 Blast Furnace
mcalebsantiago
10:32 Feudal Age
14:53 Castle Age
12:40 Loom
14:15 Double-Bit Axe
14:11 Horse Collar
14:23 Gold Mining
14:25 Stone Mining
18:47 Fervor
28:15 Bloodlines
28:15 Husbandry
62:20 Elite Skirmisher
|GaoeG| flamingo
11:12 Feudal Age
14:45 Castle Age
15:45 Double-Bit Axe
15:43 Horse Collar
17:07 Bow Saw
17:08 Heavy Plow
19:25 Loom
24:30 Gold Mining
26:21 Padded Archer Armor
28:15 Wheelbarrow
28:54 Bloodlines
33:24 Husbandry
33:42 Leather Archer Armor
42:02 Imperial Age
40:48 Fletching
42:18 Scale Barding Armor
42:24 Forging
42:54 Cavalier
44:07 Ring Archer Armor
43:57 Chain Barding Armor
44:00 Conscription
44:35 Elite Conquistador
47:33 Plate Barding Armor
47:33 Iron Casting
47:16 Paladin
51:01 Blast Furnace
58:41 Light Cavalry
59:30 Hussar
61:04 Hand Cart
claran33
9:56 Feudal Age
12:55 Double-Bit Axe
16:47 Castle Age
18:37 Wheelbarrow
17:50 Horse Collar
17:58 Double-Bit Axe
18:27 Gold Mining
23:25 Hand Cart
25:06 Heavy Plow
30:34 Scale Barding Armor
30:39 Forging
32:00 Stone Mining
32:46 Gold Shaft Mining
33:37 Chain Barding Armor
37:27 Bow Saw
40:11 Imperial Age
42:19 Heavy Camel Rider
45:45 Fortified Wall
53:04 Padded Archer Armor
52:54 Fletching
56:07 Leather Archer Armor
56:00 Bodkin Arrow
57:53 Ring Archer Armor
Connection lost

Rejoining the realm…

Still unreachable

The connection could not be restored.

Session expired

The server has moved on; the page needs a fresh start.